 Dungeon Crawl Stone Soup version 0.30.1-11-g7821555f0a (webtiles) character file.

Game seed: 3760973295251018320

6127 Dillybarz the Cleaver (level 10, -1/91 HPs)
             Began as a Minotaur Fighter on Oct 31, 2023.
             Slain by a two-headed ogre
             ... wielding a +0 giant spiked club
              (6 damage)
             ... on level 10 of the Dungeon.
             The game lasted 00:26:59 (8750 turns).

Dillybarz the Cleaver (Minotaur Fighter)            Turns: 8750, Time: 00:27:00

Health: -1/91      AC: 17    Str: 31    XL:     10   Next: 59%
Magic:  9/9        EV: 13    Int:  5    God:
Gold:   622        SH:  0    Dex: 10    Spells: 9/9 levels left

rFire   . . .        u - +5 woodcutter's axe
rCold   . . .        (shield currently unavailable)
rNeg    . . .        E - +0 plate armour
rPois   .            (helmet restricted)
rElec   .            N - +0 cloak
rCorr   .            c - +0 pair of gloves
SInv    .            (no boots)
Will    .....        (no amulet) Stlth
                     g - +5 ring of evasion
HPRegen 0.35/turn    D - +6 ring of strength
MPRegen 0.11/turn

%: no passive effects
@: no status effects
A: horns 2, retaliatory headbutt
a: no special abilities


You were on level 10 of the Dungeon.
You visited 2 branches of the dungeon, and saw 11 of its levels.

You collected 622 gold pieces.

Inventory:

Hand Weapons
 a - a +0 heavy war axe
 u - the +5 woodcutter's axe (weapon)
   (You found it on level 2 of the Dungeon)
Missiles
 f - 18 poisoned darts (quivered)
 i - 117 stones
 m - 4 boomerangs
 q - 10 curare-tipped darts
 C - a throwing net
 G - 3 atropa-tipped darts
Armour
 c - a +0 pair of gloves (worn)
 x - a +0 kite shield
 E - a +0 plate armour (worn)
 N - a +0 cloak (worn)
Jewellery
 g - a +5 ring of evasion (left hand)
 D - a +6 ring of strength (right hand)
 J - a ring of resist corrosion
Wands
 b - a wand of charming (42)
 p - a wand of quicksilver (7)
 y - a wand of digging (4)
 B - a wand of roots (11)
 K - a wand of flame (23)
Scrolls
 e - 3 scrolls of silence
 h - 6 scrolls of identify
 l - 4 scrolls of fear
 r - a scroll of butterflies
 s - a scroll of poison
 t - 3 scrolls of fog
 w - 3 scrolls of teleportation
 z - a scroll of magic mapping
 M - a scroll of acquirement {unknown}
Potions
 d - 3 potions of might
 j - 6 potions of attraction
 k - a potion of invisibility
 n - 2 potions of flight
 o - a potion of haste
 v - 3 potions of brilliance
 A - a potion of magic
 F - a potion of lignification
 H - a potion of ambrosia {unknown}
 I - a potion of heal wounds {unknown}
 L - a potion of mutation {unknown}


   Skills:
 + Level 9.4 Fighting
 * Level 12.4 Axes
 + Level 0.0 Throwing
 + Level 9.3 Armour
 + Level 9.4 Shields


You had 9 spell levels left.
You didn't know any spells.
Your spell library contained the following spells:

 Spells                   Type           Power      Damage    Failure   Level
 Kiss of Death            Conj/Necr      0%         2d5       98%         1
 Confusing Touch          Hex            0%         N/A       100%        3
 Ozocubu's Armour         Ice            0%         N/A       100%        3
 Stone Arrow              Conj/Erth      0%         3d7       100%        3
 Animate Armour           Summ/Erth      0%         N/A       100%        4
 Dispel Undead            Necr           0%         3d6       100%        4
 Ozocubu's Refrigeration  Ice            0%         4d7       100%        7
 Lehudib's Crystal Spear  Conj/Erth      0%         10d2      100%        8


Dungeon Overview and Level Annotations

Branches:
Dungeon (10/15)            Temple (1/1) D:4
   Lair: D:8-11         Orc: D:9-12

Altars:
Ashenzari
Cheibriados
Dithmenos
Elyvilon
Gozag
Hepliaklqana
Kikubaaqudgha
Makhleb
Nemelex Xobeh
Qazlal
Ru
Sif Muna
Uskayaw
Vehumet
Wu Jian
Xom
Yredelemnul
Zin
The Shining One

Shops:
D:1 (


Innate Abilities, Weirdness & Mutations

You have a pair of horns on your head.
You reflexively headbutt those who attack you in melee.


Message History

Throw: 19 darts (poison)
Press: ? - help, Q - select action, (/) - cycle Shift-Dir - straight line, f/p - two-headed ogre
Aim: a two-headed ogre, wielding a +0 giant spiked club and a +0 giant club (lightly wounded, poisoned, 75% to hit)
You throw a poisoned dart.
The poisoned dart hits the two-headed ogre.
The two-headed ogre looks even sicker.
The two-headed ogre is lightly wounded.
The two-headed ogre attacks as you move away!
The two-headed ogre hits you but does no damage.
The two-headed ogre hits you with a +0 giant club!!
The two-headed ogre hits you with a +0 giant spiked club!
The two-headed ogre hits you with a +0 giant club!
The troll bites you! The troll claws you but does no damage.
The troll claws you.
You slash the two-headed ogre!
The two-headed ogre is moderately wounded.
You barely miss the troll. The two-headed ogre closely misses you.
The two-headed ogre misses you. The troll bites you but does no damage.
The troll claws you. The troll barely misses you.
You slash the two-headed ogre!
The two-headed ogre is moderately wounded.
You slash the troll! The troll bites you but does no damage.
The troll claws you.
* * * LOW HITPOINT WARNING * * *
The troll closely misses you.
You slice the two-headed ogre!! You headbutt the two-headed ogre.
The two-headed ogre is severely wounded.
You slash the troll!
The two-headed ogre hits you with a +0 giant spiked club!
* * * LOW HITPOINT WARNING * * *
The two-headed ogre hits you with a +0 giant club.
* * * LOW HITPOINT WARNING * * *
The troll bites you but does no damage. The troll claws you.
* * * LOW HITPOINT WARNING * * *
The troll closely misses you.
You hit the two-headed ogre.
The two-headed ogre is almost dead.
You slash the troll!
The two-headed ogre hits you with a +0 giant spiked club.
You die...

...>..#.......
........#....#
........#....#
...(.!.......
....(.......
.....(....####.
......(........
........T#######
........O@.....#
........<#####.#
...........#
.........#.#
.........#...
.........# ###
..........
.........#
.........


You could see a two-headed ogre (poisoned) and a troll.

Vanquished Creatures
  Maurice (D:9)
  Joseph (D:7)
  Maggie (D:9)
  A troll (D:9)
  Grinder (D:6)
  A hornet (D:7)
  Prince Ribbit (D:6)
  A shadow (D:9)
  A wyvern (D:7)
  A steam dragon (D:9)
  2 water moccasins
  4 orc warriors
  3 sky beasts (D:7)
  An ice beast (D:7)
  A black bear (D:8)
  An ogre (D:4)
  3 centaurs
  2 phantoms
  3 kobold brigands (D:9)
  3 bullfrogs
  Blork the orc (D:6)
  2 gnoll sergeants
  2 water moccasin zombies (D:7)
  4 scorpions
  A wyvern zombie (D:7)
  4 howler monkeys
  A quasit (D:7)
  A bullfrog zombie (D:7)
  A centaur zombie (D:7)
  5 hounds
  3 jellies (D:7)
  3 gnoll boudas
  5 orc priests
  4 sleepcaps
  9 orc wizards
  2 iguanas
  2 killer bee zombies (D:7)
  11 gnolls
  6 adders
  A shadow imp (D:5)
  2 white imps
  2 ufetubi
  3 worms
  36 orcs
  5 ball pythons
  10 endoplasms
  4 giant cockroaches
  3 hobgoblins
  21 kobolds
  2 quokkas
  4 bats
  3 frilled lizards
  10 goblins
  2 goblin skeletons (D:7)
  A hobgoblin zombie (D:7)
  A kobold zombie (D:7)
  An orc skeleton (D:7)
  2 orc zombies (D:7)
  4 rats
217 creatures vanquished.

Notes
Turn   | Place    | Note
-------+----------+-------------------------------------------
     0 | D:1      | Dillybarz the Minotaur Fighter began the quest for the Orb.
     0 | D:1      | Reached XP level 1. HP: 19/19 MP: 0/0
   261 | D:1      | Reached XP level 2. HP: 22/27 MP: 1/1
   265 | D:1      | Reached skill level 3 in Axes
   350 | D:1      | Found Seashroax's Antique Weapon Shoppe.
   690 | D:1      | Found a faded altar of an unknown god.
  1134 | D:2      | Reached XP level 3. HP: 20/33 MP: 2/2
  1599 | D:2      | Reached XP level 4. HP: 26/40 MP: 3/3
  1724 | D:2      | Noticed a gnoll sergeant
  1727 | D:2      | Found the +5 woodcutter's axe
  1787 | D:3      | Reached skill level 4 in Axes
  2219 | D:3      | Reached XP level 5. HP: 44/47 MP: 4/4
  2378 | D:3      | Reached skill level 5 in Axes
  2383 | D:3      | Reached XP level 6. HP: 28/55 MP: 5/5
  2744 | D:2      | Reached skill level 5 in Fighting
  2744 | D:2      | Reached skill level 5 in Armour
  2744 | D:2      | Reached skill level 5 in Shields
  2974 | D:4      | Found a broken altar of Ashenzari.
  3152 | D:4      | Reached skill level 6 in Axes
  3152 | D:4      | Reached XP level 7. HP: 15/61 MP: 6/6
  3534 | D:4      | Found a faded altar of an unknown god.
  3534 | D:4      | Found a hazy altar of Hepliaklqana.
  3536 | D:4      | Found a faded altar of an unknown god.
  3551 | D:4      | Found a staircase to the Ecumenical Temple.
  3570 | D:4      | Found a shimmering blue altar of Sif Muna.
  3591 | Temple   | Entered the Ecumenical Temple
  3793 | D:5      | Entered Level 5 of the Dungeon
  3914 | D:5      | Found a shimmering altar of Xom.
  3970 | D:5      | Reached skill level 7 in Axes
  4130 | D:5      | Found a snail-covered altar of Cheibriados.
  4164 | D:5      | Found an ornate altar of the Wu Jian Council.
  4643 | D:6      | Noticed Prince Ribbit
  4660 | D:6      | Killed Prince Ribbit
  4661 | D:6      | Reached XP level 8. HP: 68/70 MP: 7/7
  4795 | D:6      | Reached skill level 8 in Axes
  4856 | D:6      | Noticed Blork the orc
  4864 | D:6      | Killed Blork the orc
  5017 | D:6      | Found a sacrificial altar of Ru.
  5408 | D:6      | Noticed Grinder
  5420 | D:6      | Paralysed by Grinder for 5 turns
  5425 | D:6      | Killed Grinder
  5426 | D:6      | Reached skill level 9 in Axes
  5900 | D:7      | Noticed Joseph
  5909 | D:7      | Noticed a hornet
  5912 | D:7      | Paralysed by a hornet for 1 turns
  5920 | D:7      | Killed a hornet
  5921 | D:7      | Reached XP level 9. HP: 32/79 MP: 8/8
  5923 | D:7      | Killed Joseph
  6312 | D:7      | Reached skill level 10 in Axes
  6563 | D:7      | Reached skill level 11 in Axes
  6587 | D:7      | Found a basalt altar of Yredelemnul.
  6742 | D:7      | Found a glowing golden altar of the Shining One.
  6752 | D:7      | Reached XP level 10. HP: 88/90 MP: 9/9
  7184 | D:8      | Identified the +0 robe of the Garden {rPois Int+4}
  7654 | D:9      | Found a shadowy altar of Dithmenos.
  7654 | D:9      | Noticed Maggie
  7658 | D:9      | Killed Maggie
  7990 | D:9      | Reached skill level 12 in Axes
  8430 | D:9      | Noticed Maurice
  8534 | D:9      | Killed Maurice
  8699 | D:9      | Found an ancient bone altar of Kikubaaqudgha.
  8736 | D:10     | Entered Level 10 of the Dungeon
  8737 | D:10     | Noticed a two-headed ogre
  8749 | D:10     | HP: 4/91 [troll (4)]
  8750 | D:10     | Slain by a two-headed ogre

Illustrated notes

Levels and vault maps discovered:
D:1:      dpeg_arrival_radiant, layout_loops_ring, serial_shops,
          nicolae_shop_rolling_square, dilly_ecumenical_altar_fadedgnrine,
          minmay_three_crescents
D:2:      layout_loops_ring, serial_glass, glass_columns_a, glass_columns_a,
          glass_columns_b, glass_columns_a, glass_columns_a,
          hangedman_glass_teeth, minmay_misc_feat_secret_circle,
          pf_guarded_unrand_woodcutter
D:3:      layout_basic
D:4:      layout_cave_pools, general_overflow_altar,
          nicolae_hepliaklqana_ecumenical_no_more,
          ashenzari_conservatory_becter, minmay_temple_entry_glassed_door,
          minmay_joined_circles
D:5:      layout_rooms, mainiacjoe_overflow_brackets,
          mainiacjoe_overflow_surrounded_room, lemuel_crystal_altar
D:6:      layout_basic, nicolae_ru_awakened_eye,
          eino_small_chamber_without_monster, uniq_prince_ribbit1,
          uniq_blork_the_orc, uniq_grinder
D:7:      minmay_s_stair_smasher, layout_basic, nicolae_tso_besieged_by_evil,
          nicolae_yredelemnul_corpse_copse, uniq_joseph
D:8:      layout_loops_ring
D:9:      layout_loops_ring, grunt_dithmenos_shadows, lemuel_tele_altar,
          uniq_maggie, uniq_maurice
D:10:     layout_basic, grunt_temple_overflow_bloody_war, kennysheep_mini,
          erik_orc_1, hangedman_decor_points
Temple:   hellmonk_temple_two_chambers

Skill      XL: |  1  2  3  4  5  6  7  8  9 10 |
---------------+-------------------------------+-----
Axes           | 3 4 5 6 7 9 11 12 | 12.4
Fighting       | 4 5 6 7 8 9 |  9.4
Armour         | 4 5 6 7 8 9 |  9.3
Shields        | 4 5 6 7 8 9 |  9.4

Action                     |  1- 3 |  4- 6 |  7- 9 | 10-12 || total
---------------------------+-------+-------+-------+-------++-------
  Melee: War axe           |    61 |    83 |       |       ||   144
         Headbutt          |     8 |    16 |    24 |    15 ||    63
         Battleaxe         |       |    22 |   164 |    95 ||   281
         Unarmed           |       |       |       |     4 ||     4
  Throw: Dart              |       |       |       |     7 ||     7
    Use: Scroll            |     7 |     4 |     7 |     2 ||    20
 Armour: Scale mail        |    28 |    15 |       |       ||    43
         Chain mail        |       |    43 |    26 |       ||    69
         Plate armour      |       |       |    34 |    58 ||    92
  Dodge: Dodged            |    24 |    41 |   100 |    52 ||   217
  Block: Buckler           |     8 |    11 |       |       ||    19
